PAAA
PHOENIX HOTSPUR RESERVES @ ALASKAN HUMPBACKS
08/22/2017
 
TOP OF THE 1ST
Phoenix Hotspur Reserves batting - Pitching for Alaskan Humpbacks : RHP Jeff Moore
Pitching: RHP Jeff Moore
Batting: LHB Ricardo Miranda 0-0: Called Strike
0-1: Called Strike
0-2: Ball
1-2: Ground out 4-3 (Groundball, 4)
Batting: RHB Jaime Chavarriaga 0-0: SINGLE (Line Drive, 9S)
Batting: LHB Tim Hargrove 0-0: Called Strike
0-1: Ball
1-1: Ball
2-1: Foul Ball, location: 2F
2-2: Ball
3-2: Foul Ball, location: 2F
3-2: Foul Ball, location: 2F
3-2: Strikes out swinging
Batting: RHB Pedro Crespo 0-0: Called Strike
0-1: Ball
Wild Pitch!
Jaime Chavarriaga to second
1-1: Ball
2-1: Ball
3-1: Called Strike
3-2: Ground out 5-3 (Groundball, 56)
Top of the 1st over - 0 run(s), 1 hit(s), 0 error(s), 1 left on base; Phoenix 0 - Alaskan 0
BOTTOM OF THE 1ST
Alaskan Humpbacks batting - Pitching for Phoenix Hotspur Reserves : RHP Jim Unknown
Pitching: RHP Jim Unknown
Batting: RHB Akahele Kimokeo 0-0: SINGLE (Line Drive, 6MD)
Batting: RHB Tom Gregg 0-0: Ball
1-0: Foul Ball, location: 2F
1-1: Fly out, F3 (Popup, 34S)
Batting: LHB Thomas Kemp 0-0: Ball
1-0: Ball
2-0: Ball
3-0: Base on Balls
Akahele Kimokeo to second
Batting: RHB Ricardo García 0-0: Grounds into double play, 5-4-3 (Groundball, 5)
Bottom of the 1st over - 0 run(s), 1 hit(s), 0 error(s), 1 left on base; Phoenix 0 - Alaskan 0
TOP OF THE 2ND
Phoenix Hotspur Reserves batting - Pitching for Alaskan Humpbacks : RHP Jeff Moore
Batting: RHB Richard Moss 0-0: Called Strike
0-1: Ball
1-1: Ball
2-1: Fly out, F8 (Flyball, 8LM)
Batting: LHB Juan Ángel 0-0: Called Strike
0-1: Ball
1-1: Foul Ball, location: 2F
1-2: Strikes out swinging
Batting: RHB Greg Griffin 0-0: Fly out, F9 (Flyball, 89S)
Top of the 2nd over - 0 run(s), 0 hit(s), 0 error(s), 0 left on base; Phoenix 0 - Alaskan 0
BOTTOM OF THE 2ND
Alaskan Humpbacks batting - Pitching for Phoenix Hotspur Reserves : RHP Jim Unknown
Batting: RHB Michael Collins 0-0: Called Strike
0-1: Ball
1-1: Swinging Strike
1-2: Ball
2-2: Strikes out swinging
Batting: RHB Jared Smith 0-0: Ball
1-0: Ball
2-0: Foul Ball, location: 2F
2-1: Ball
3-1: Base on Balls
Batting: RHB Joe Bell 0-0: Ball
1-0: Ball
2-0: Called Strike
2-1: Ball
3-1: Fly out, F8 (Flyball, 8LM)
Batting: RHB Javier Díaz 0-0: Hit by Pitch
Jared Smith to second
Batting: RHB Tim Norris 0-0: Called Strike
0-1: Ball
1-1: Ball
2-1: Swinging Strike
2-2: Ball
3-2: Base on Balls
Jared Smith to third
Javier Díaz to second
Batting: RHB Akahele Kimokeo 0-0: Ball
1-0: Called Strike
1-1: DOUBLE (Flyball, 78M)
Jared Smith scores
Javier Díaz scores
Tim Norris to third
Runner from 3rd tries for Home, SAFE, no throw or cutoff
Batting: RHB Tom Gregg 0-0: Ball
1-0: Ball
2-0: Called Strike
2-1: Foul Ball, location: 2F
2-2: Fly out, F7 (Flyball, 7M)
Bottom of the 2nd over - 3 run(s), 1 hit(s), 0 error(s), 1 left on base; Phoenix 0 - Alaskan 3
TOP OF THE 3RD
Phoenix Hotspur Reserves batting - Pitching for Alaskan Humpbacks : RHP Jeff Moore
Batting: RHB António Rodríguez 0-0: Ball
1-0: Called Strike
1-1: Swinging Strike
1-2: Ball
2-2: Ball
3-2: Strikes out looking
Batting: LHB Chad Campbell 0-0: Ball
1-0: Ball
2-0: Ball
3-0: Base on Balls
Batting: LHB Ricardo Miranda 0-0: Fly out, F6 (Popup, 56)
Batting: RHB Jaime Chavarriaga 0-0: Ball
1-0: Swinging Strike
1-1: Called Strike
1-2: Strikes out swinging
Top of the 3rd over - 0 run(s), 0 hit(s), 0 error(s), 1 left on base; Phoenix 0 - Alaskan 3
BOTTOM OF THE 3RD
Alaskan Humpbacks batting - Pitching for Phoenix Hotspur Reserves : RHP Jim Unknown
Batting: LHB Thomas Kemp 0-0: DOUBLE (Flyball, 9LM)
Batting: RHB Ricardo García 0-0: Called Strike
0-1: Ground out 5-3 (Groundball, 56S)
Thomas Kemp to third
Batting: RHB Michael Collins 0-0: Ball
1-0: Foul Ball, location: 2F
1-1: Swinging Strike
1-2: Strikes out swinging
Batting: RHB Jared Smith 0-0: Foul Ball, location: 2F
0-1: Called Strike
0-2: Strikes out looking
Bottom of the 3rd over - 0 run(s), 1 hit(s), 0 error(s), 1 left on base; Phoenix 0 - Alaskan 3
TOP OF THE 4TH
Phoenix Hotspur Reserves batting - Pitching for Alaskan Humpbacks : RHP Jeff Moore
Batting: LHB Tim Hargrove 0-0: Called Strike
0-1: SOLO HOME RUN (Flyball, 9LD), Distance : 348 ft
Batting: RHB Pedro Crespo 0-0: Foul Ball, location: 2F
0-1: Swinging Strike
0-2: Strikes out looking
Batting: RHB Richard Moss 0-0: Foul Ball, location: 2F
0-1: DOUBLE (Groundball, 5L)
Batting: LHB Juan Ángel 0-0: Ball
1-0: Called Strike
1-1: Swinging Strike
1-2: Foul Ball, location: 2F
1-2: Foul Ball, location: 2F
1-2: Ground out 4-3 (Groundball, 4M)
Richard Moss to third
Batting: RHB Greg Griffin 0-0: Ball
1-0: Ball
2-0: Ball
3-0: Called Strike
3-1: Foul Ball, location: 2F
3-2: Base on Balls
Batting: RHB António Rodríguez 0-0: Ball
Greg Griffin is caught stealing 2nd base
Top of the 4th over - 1 run(s), 2 hit(s), 0 error(s), 0 left on base; Phoenix 1 - Alaskan 3
BOTTOM OF THE 4TH
Alaskan Humpbacks batting - Pitching for Phoenix Hotspur Reserves : RHP Jim Unknown
Batting: RHB Joe Bell 0-0: Swinging Strike
0-1: Foul Ball, location: 2F
0-2: Ball
1-2: SINGLE (Groundball, 56)
Batting: RHB Javier Díaz 0-0: Ball
1-0: Foul Ball, location: 2F
1-1: Fielders Choice at 2nd, 3-6 (Groundball, 34)
Batting: RHB Tim Norris 0-0: Called Strike
0-1: Foul Ball, location: 2F
0-2: Ball
1-2: Ball
2-2: Ball
3-2: SINGLE (Groundball, 6)
Javier Díaz to second
Batting: RHB Akahele Kimokeo 0-0: Called Strike
0-1: Foul Ball, location: 2F
0-2: Ball
1-2: Fly out, F9 (Flyball, 89M)
Batting: RHB Tom Gregg 0-0: Ball
1-0: Fielders Choice at 2nd, 6-4 (Groundball, 6)
Bottom of the 4th over - 0 run(s), 2 hit(s), 0 error(s), 1 left on base; Phoenix 1 - Alaskan 3
TOP OF THE 5TH
Phoenix Hotspur Reserves batting - Pitching for Alaskan Humpbacks : RHP Jeff Moore
Batting: RHB António Rodríguez 0-0: Ball
1-0: Ball
2-0: DOUBLE (Line Drive, 7LS)
Batting: LHB Chad Campbell 0-0: Foul Ball, location: 2F
0-1: Swinging Strike
0-2: Ball
1-2: Strikes out swinging
Batting: LHB Ricardo Miranda 0-0: Ball
1-0: Ball
2-0: Foul Ball, location: 2F
2-1: Ball
3-1: Base on Balls
Batting: RHB Jaime Chavarriaga 0-0: Called Strike
0-1: Ball
1-1: Fly out, F9 (Flyball, 89M)
Batting: LHB Tim Hargrove 0-0: Ball
1-0: Ball
2-0: Fielders Choice at 2nd, U6 (Groundball, 6M)
Top of the 5th over - 0 run(s), 1 hit(s), 0 error(s), 2 left on base; Phoenix 1 - Alaskan 3
BOTTOM OF THE 5TH
Alaskan Humpbacks batting - Pitching for Phoenix Hotspur Reserves : RHP Jim Unknown
Batting: LHB Thomas Kemp 0-0: Ball
1-0: Ball
2-0: Foul Ball, location: 2F
2-1: Foul Ball, location: 2F
2-2: Foul Ball, location: 2F
2-2: Ball
3-2: Foul Ball, location: 2F
3-2: Base on Balls
Batting: RHB Ricardo García 0-0: Called Strike
0-1: Ball
1-1: Ball
2-1: Fly out, F9 (Flyball, 9M)
Batting: RHB Michael Collins 0-0: Ball
1-0: Called Strike
1-1: Ball
2-1: Fly out, F8 (Flyball, 8LM)
Batting: RHB Jared Smith 0-0: Foul Ball, location: 2F
0-1: 2-RUN HOME RUN (Line Drive, 7LD), Distance : 343 ft
Pitching: RHP Chris Schaefer
Batting: RHB Joe Bell 0-0: Ball
1-0: Ball
2-0: Ball
3-0: Base on Balls
Batting: RHB Javier Díaz 0-0: Called Strike
0-1: Ball
1-1: Ball
2-1: SINGLE (Groundball, 34D)
Joe Bell to second
Runner from 2nd tries for 3rd, SAFE, throw made to third
Batting: RHB Tim Norris 0-0: Swinging Strike
0-1: Ball
1-1: Fielders Choice at 2nd, 6-4 (Groundball, 6)
Bottom of the 5th over - 2 run(s), 2 hit(s), 0 error(s), 1 left on base; Phoenix 1 - Alaskan 5
TOP OF THE 6TH
Phoenix Hotspur Reserves batting - Pitching for Alaskan Humpbacks : RHP Jeff Moore
Batting: RHB Pedro Crespo 0-0: Ball
1-0: Ball
2-0: Ball
3-0: Base on Balls
Batting: RHB Richard Moss 0-0: Foul Ball, location: 2F
0-1: Ball
1-1: Ball
2-1: Swinging Strike
2-2: Foul Ball, location: 2F
2-2: Fly out, F8 (Flyball, 8RM)
Batting: LHB Juan Ángel 0-0: Called Strike
0-1: Ball
1-1: Ball
2-1: Ground out 5-3 (Groundball, 5S)
Pedro Crespo to second
Batting: RHB Greg Griffin 0-0: SINGLE (Groundball, 5D)
Pedro Crespo to third
Runner from 3rd tries for Home, SAFE, no throw or cutoff
Batting: RHB António Rodríguez 0-0: Ball
1-0: Ball
2-0: Swinging Strike
2-1: Ball
3-1: SINGLE (Line Drive, 4MD)
Greg Griffin to second
Batting: LHB Chad Campbell 0-0: Ball
1-0: Swinging Strike
1-1: Ball
2-1: Called Strike
2-2: Ball
3-2: Foul Ball, location: 2F
3-2: Base on Balls
Greg Griffin to third
António Rodríguez to second
Batting: LHB Ricardo Miranda 0-0: Ball
1-0: Ball
2-0: Ball
3-0: Base on Balls
Greg Griffin scores
António Rodríguez to third
Chad Campbell to second
Batting: RHB Jaime Chavarriaga 0-0: Swinging Strike
0-1: Ball
1-1: Foul Ball, location: 2F
1-2: Ball
2-2: Ball
3-2: Base on Balls
António Rodríguez scores
Chad Campbell to third
Ricardo Miranda to second
Pitching: RHP Pedro Pagán
Batting: LHB Tim Hargrove 0-0: Swinging Strike
0-1: Foul Ball, location: 2F
0-2: Ball
1-2: Foul Ball, location: 2F
1-2: Strikes out swinging
Top of the 6th over - 3 run(s), 2 hit(s), 0 error(s), 3 left on base; Phoenix 4 - Alaskan 5
BOTTOM OF THE 6TH
Alaskan Humpbacks batting - Pitching for Phoenix Hotspur Reserves : RHP Chris Schaefer
Batting: RHB Akahele Kimokeo 0-0: Ball
1-0: Ball
2-0: Foul Ball, location: 2F
2-1: Ball
3-1: Foul Ball, location: 2F
3-2: Base on Balls
Batting: RHB Tom Gregg 0-0: Called Strike
0-1: Ball
1-1: Foul Ball, location: 2F
1-2: Strikes out looking
Batting: LHB Thomas Kemp 0-0: Called Strike
0-1: Ball
1-1: Ball
Wild Pitch!
Akahele Kimokeo to second
2-1: Ball
3-1: Ground out 5-3 (Groundball, 56S)
Akahele Kimokeo to third
Batting: RHB Ricardo García 0-0: Ball
1-0: Called Strike
1-1: Foul Ball, location: 2F
1-2: Ball
2-2: Strikes out swinging
Bottom of the 6th over - 0 run(s), 0 hit(s), 0 error(s), 1 left on base; Phoenix 4 - Alaskan 5
TOP OF THE 7TH
Phoenix Hotspur Reserves batting - Pitching for Alaskan Humpbacks : RHP Pedro Pagán
Batting: RHB Pedro Crespo 0-0: Ball
1-0: Ground out 6-3 (Groundball, 6M)
Batting: RHB Richard Moss 0-0: Foul Ball, location: 2F
0-1: Called Strike
0-2: SOLO HOME RUN (Flyball, 7D), Distance : 379 ft
Batting: LHB Juan Ángel 0-0: Called Strike
0-1: Foul Ball, location: 2F
0-2: Ball
1-2: Ground out 3-1 (Groundball, 34S)
Batting: RHB Greg Griffin 0-0: Foul Ball, location: 2F
0-1: Ball
1-1: Called Strike
1-2: Strikes out swinging
Top of the 7th over - 1 run(s), 1 hit(s), 0 error(s), 0 left on base; Phoenix 5 - Alaskan 5
BOTTOM OF THE 7TH
Alaskan Humpbacks batting - Pitching for Phoenix Hotspur Reserves : RHP Chris Schaefer
Batting: RHB Michael Collins 0-0: Swinging Strike
0-1: Ball
1-1: Called Strike
1-2: Strikes out looking
Batting: RHB Jared Smith 0-0: Ball
1-0: Ball
2-0: Called Strike
2-1: Ball
3-1: SOLO HOME RUN (Flyball, 7D), Distance : 399 ft
Batting: RHB Joe Bell 0-0: Foul Ball, location: 2F
0-1: Ball
1-1: Foul Ball, location: 2F
1-2: Foul Ball, location: 2F
1-2: Ball
2-2: Strikes out swinging
Pitching: LHP Lee Reynolds
Batting: RHB Javier Díaz 0-0: Called Strike
0-1: Ball
1-1: Foul Ball, location: 2F
1-2: Fly out, F3 (Popup, 3S)
Bottom of the 7th over - 1 run(s), 1 hit(s), 0 error(s), 0 left on base; Phoenix 5 - Alaskan 6
TOP OF THE 8TH
Phoenix Hotspur Reserves batting - Pitching for Alaskan Humpbacks : RHP Pedro Pagán
Now at C: Andrés Cota
Now in CF: James Sorensen
Batting: RHB António Rodríguez 0-0: Ball
1-0: Foul Ball, location: 2F
1-1: Swinging Strike
1-2: Strikes out swinging
Pitching: LHP Jason Hoskins
Batting: LHB Chad Campbell 0-0: Called Strike
0-1: Ball
1-1: Fly out, F8 (Flyball, 8RXD)
Batting: LHB Ricardo Miranda 0-0: Ball
1-0: Foul Ball, location: 2F
1-1: Called Strike
1-2: Foul Ball, location: 2F
1-2: Foul Ball, location: 2F
1-2: SOLO HOME RUN (Flyball, 9D), Distance : 393 ft
Batting: RHB Jaime Chavarriaga 0-0: Foul Ball, location: 2F
0-1: Ball
1-1: Ground out 3-1 (Groundball, 34)
Top of the 8th over - 1 run(s), 1 hit(s), 0 error(s), 0 left on base; Phoenix 6 - Alaskan 6
BOTTOM OF THE 8TH
Alaskan Humpbacks batting - Pitching for Phoenix Hotspur Reserves : LHP Lee Reynolds
Pinch Hitting: RHB Grant Waller 0-0: Ball
1-0: Ball
2-0: Swinging Strike
2-1: Ball
3-1: Base on Balls
Batting: RHB Akahele Kimokeo 0-0: Ball
1-0: Sac Bunt - play at first, batter OUT! 1-4
Grant Waller to second
Batting: RHB Tom Gregg 0-0: Intentional Walk
Batting: LHB Thomas Kemp 0-0: Ball
1-0: Ball
2-0: Fielders Choice at 2nd, 4-6 (Groundball, 34)
Grant Waller to third
Batting: RHB Ricardo García 0-0: Foul Ball, location: 2F
0-1: Fielders Choice at 2nd, 6-4 (Groundball, 6)
Bottom of the 8th over - 0 run(s), 0 hit(s), 0 error(s), 1 left on base; Phoenix 6 - Alaskan 6
TOP OF THE 9TH
Phoenix Hotspur Reserves batting - Pitching for Alaskan Humpbacks : LHP Jason Hoskins
Now at SS: Josef Koper
Batting: LHB Tim Hargrove 0-0: SINGLE (Line Drive, 7LS)
Batting: RHB Pedro Crespo 0-0: Ball
1-0: Ball
2-0: Ball
3-0: Called Strike
3-1: Base on Balls
Tim Hargrove to second
Batting: RHB Richard Moss 0-0: Foul Ball, location: 2F
0-1: Ball
1-1: Foul Ball, location: 2F
1-2: DOUBLE (Flyball, 7LD)
Tim Hargrove scores
Pedro Crespo to third
Pitching: LHP Dale Stevens
Pinch Hitting: RHB Reed Hanson 0-0: Intentional Walk
Batting: RHB Greg Griffin 0-0: Ball
1-0: Called Strike
1-1: Ball
2-1: Foul Ball, location: 2F
2-2: Ball
3-2: Strikes out swinging
Batting: RHB António Rodríguez 0-0: Ball
1-0: Swinging Strike
1-1: GRAND SLAM HOME RUN (Flyball, 7D), Distance : 402 ft
Pitching: LHP Freddy Ramos
Batting: LHB Chad Campbell 0-0: Called Strike
0-1: Ball
1-1: Foul Ball, location: 2F
1-2: Ball
2-2: Ball
3-2: Strikes out looking
Batting: LHB Ricardo Miranda 0-0: Called Strike
0-1: Foul Ball, location: 2F
0-2: Ball
1-2: Ball
2-2: Strikes out swinging
Top of the 9th over - 5 run(s), 3 hit(s), 0 error(s), 0 left on base; Phoenix 11 - Alaskan 6
BOTTOM OF THE 9TH
Alaskan Humpbacks batting - Pitching for Phoenix Hotspur Reserves : LHP Lee Reynolds
Pitching: RHP Robert Dickinson
Now at C: John Jenkins
Now at 1B: Reed Hanson
Batting: LHB James Sorensen 0-0: Ball
1-0: Ball
2-0: Swinging Strike
2-1: Ground out 4-3 (Groundball, 4M)
Batting: RHB Jared Smith 0-0: Ball
1-0: Ground out 5-3 (Groundball, 5S)
Batting: RHB Andrés Cota 0-0: Called Strike
0-1: Ground out 5-3 (Groundball, 56)
Bottom of the 9th over - 0 run(s), 0 hit(s), 0 error(s), 0 left on base; Phoenix 11 - Alaskan 6
This league is powered by Out of the Park Baseball, the baseball management simulation game for PC, Mac and Linux
Saturday, February 27th, 2021 - OOTP Baseball 15.6 Build 34